 Dungeon Crawl Stone Soup version 0.29-a0-364-g921d912d32 (webtiles) character file.

Game seed: 16123459726723984068

1267 spaghetti the Ducker (level 8, -6/59 HPs)
             Began as a Djinni Chaos Knight on Apr 30, 2022.
             Was a Plaything of Xom.
             Mangled by an orc warrior
             ... wielding a +0 long sword
              (12 damage)
             ... on level 5 of the Dungeon.
             The game lasted 00:10:56 (5328 turns).

spaghetti the Ducker (Djinni Chaos Knight)          Turns: 5328, Time: 00:10:57

Health: -6/59      AC: 15    Str: 15    XL:     8   Next: 82%
Gold:   201        EV: 12    Int: 14    God:    Xom [....*.] SH:  0 Dex: 17

rFire   + + .      SeeInvis .   s - +3 quarterstaff (chaos) {staff}
rCold   x . .      Faith    .   (shield currently unavailable)
rNeg    . . .      Spirit   .   j - +6 scale mail "Voumycwu" {Str+4}
rPois   ∞          Reflect  .   e - +0 hat
rElec   .          Harm     .   k - +2 cloak
rCorr   .          Rampage  .   g - +1 pair of gloves
Will    .....      Clarity  +   (boots unavailable)
Stlth   +.........              (no amulet)
HPRegen 0.19/turn               (no ring)
MPRegen 0.00/turn               (no ring)

@: attractive, flying
A: sickness immunity, fire resistance 2, cold vulnerability 1, float, innate
caster, HP casting, extra vitality 1, claws 1, thin skeletal structure 1,
clarity, deformed body
a: Renounce Religion


You were on level 5 of the Dungeon.
You worshipped Xom.
You were a beloved toy of Xom.
You visited 1 branch of the dungeon, and saw 5 of its levels.

You collected 381 gold pieces.
You spent 180 gold pieces at shops.


Innate Abilities, Weirdness & Mutations

You are immune to sickness and miasma.
You are immune to poison.
Your flesh is very heat resistant. (rF++)
You are vulnerable to cold. (rC-)
You float through the air rather than walking.
You learn spells naturally, not from books.
Your magical power is your life essence.
You have superior vitality. (+4 MHP)
You have sharp fingernails.
You have a somewhat thin skeletal structure. (Dex +2, Stealth+)
You possess an exceptional clarity of mind.
Armour fits poorly on your strangely shaped body.


   Skills:
 + Level 5.0 Fighting
 - Level 2.7(3.3) Short Blades
 - Level 2.7(3.2) Long Blades
 * Level 4.8 Armour
 + Level 5.5 Dodging
 + Level 2.2 Spellcasting
 + Level 3.7 Evocations


You had 6 spell levels left.
You knew the following spells:

 Your Spells              Type           Power      Damage    Failure   Level
a - Slow                  Hex            28%        N/A       32%         1
b - Call Imp              Summ           7%         N/A       43%         2
c - Scorch                Fire           14%        2d5       43%         2
Your spell library was empty.

Inventory:

Hand Weapons
 a - a +0 falchion of chaos {long}
 d - a +0 dagger of electrocution {short}
   (You took it off a kobold on level 1 of the Dungeon)
 r - the +4 glaive of Judgement {flame, rElec Str-2 Dex+6, polearm}
   (You found it on level 4 of the Dungeon)

   It burns those it strikes, dealing additional fire damage.
   Big, fiery blades are also staple armaments of hydra-hunters.
   Str:       It affects your strength (-2).
   Dex:       It affects your dexterity (+6).
   rElec:     It insulates you from electricity.
 s - a +3 quarterstaff of chaos (weapon) {staff}
   (You took it off Crazy Yiuf on level 3 of the Dungeon)
Missiles
 f - 123 stones (quivered) {throwing}
 h - 11 poisoned darts {throwing}
Armour
 e - a +0 hat (worn)
   (You found it on level 1 of the Dungeon)
 g - a +1 pair of gloves (worn)
   (You found it on level 1 of the Dungeon)
 j - the +6 scale mail "Voumycwu" (worn) {Str+4}
   (You bought it in a shop on level 4 of the Dungeon)

   Str:       It affects your strength (+4).
 k - a +2 cloak (worn)
   (You found it on level 2 of the Dungeon)
Wands
 i - a wand of flame (6)
   (Xom gifted it to you on level 1 of the Dungeon)
 p - a wand of iceblast (12)
   (You found it on level 4 of the Dungeon)
Scrolls
 b - a scroll of vulnerability {!r!r}
 u - 2 scrolls of teleportation {@r4}
 v - a scroll of identify {unknown}
 w - a scroll of immolation {!r!r}
 x - a scroll of blinking {unknown}
Potions
 l - a potion of attraction {!q}
 n - a potion of magic
 o - a potion of curing {unknown}
 q - 2 potions of cancellation {unknown}
 z - 2 potions of mutation {unknown}
Miscellaneous
 c - a piece from Xom's chessboard (15/15)

Dungeon Overview and Level Annotations

Branches:
Dungeon (5/15)
 Temple: D:4-7

Altars:
Gozag
Hepliaklqana
Nemelex Xobeh
Okawaru
Xom

Shops:
D:4

* #..... .# #....
..# . #....####..#
.. ##...##..##.#
...#....##.÷##.#
(((......#['#..##
.....§)...[.....##
......{#°........#
.....##@§§.##....#
......
#§§.....#..#
..#...
#.....###.##
......##......####
.............##
...........###
#.......###
##.....####
...........##


There were no monsters in sight!


Message History

You barely miss the quokka. The orc hits you but does no damage.
An orc warrior comes into view. It is wielding a +0 long sword.
The quokka bites you but does no damage. 😕 HP[+1]
The orc warrior shouts!
You hit the quokka. You freeze the quokka. The quokka misses you.
The orc closely misses you. The quokka barely misses you.
The orc barely misses you.
Unknown command.
You barely miss the quokka. The quokka barely misses you.
The orc hits you but does no damage.
You thump the quokka! You burn the quokka.
You kill the quokka!
The orc returns to its original shape as it dies.
The orc barely misses you.
You barely miss the orc. The orc barely misses you. 😕 HP[+1]
You closely miss the orc. The orc closely misses you.
You hit the orc. You drain the orc.
You kill the orc!
The orc warrior hits you with a +0 long sword. 😮 HP[-4]
You take 4 damage, and now have 42/59 hp.
You hit the orc warrior.
The orc warrior hits you with a +0 long sword! 😮 HP[-11]
You take 11 damage, and now have 31/59 hp.
You barely miss the orc warrior. The orc warrior misses you.
The orc warrior barely misses you. 😮 HP[+1] Unknown command.
You barely miss the orc warrior.
You are no longer corroded.
The orc warrior hits you with a +0 long sword!
* * * LOW HITPOINT WARNING * * *
😨 HP[-10]
You take 10 damage, and now have 22/59 hp.
You hit the orc warrior but do no damage.
The orc warrior hits you but does no damage.
You hit the orc warrior. You freeze the orc warrior.
The orc warrior closely misses you.
The orc warrior hits you but does no damage.
You closely miss the orc warrior.
The orc warrior hits you but does no damage. 😨 HP[+1]
You hit the orc warrior. You burn the orc warrior.
The orc warrior drinks a potion.
The orc warrior is healed!
Unknown command.
Unknown command.
You hit the orc warrior but do no damage.
The orc warrior hits you but does no damage.
You hit the orc warrior but do no damage.
The orc warrior flickers and vanishes!
Deactivating autopickup; reactivate with Ctrl-A.
Something hits you but does no damage. Something hits you!
* * * LOW HITPOINT WARNING * * *
You emit a cloud of colourful smoke! 😱 HP[-17]
You take 17 damage, and now have 6/59 hp.
MASSIVE DAMAGE!! (PAUSE)
As you read the scroll labelled HAN LAPYFFO, it crumbles to dust.
It is a scroll of amnesia.
You feel forgetful for a moment. Something hits you.
* * * LOW HITPOINT WARNING * * *
Xom thinks this is hilarious! 😱 HP[-5]
You take 5 damage, and now have 1/59 hp.
Unknown command.
You feel much better. The orc closely misses you.
Something hits you but does no damage. 😮 HP[+29]
You regained 29 hp, and now have 30/59 hp.
You sock the orc! You freeze the orc.
You kill the orc!
Something hits you.
* * * LOW HITPOINT WARNING * * *
😨 HP[-2]
You take 2 damage, and now have 28/59 hp.
You miss something. Something hits you.
* * * LOW HITPOINT WARNING * * *
😨 HP[-2]
You take 2 damage, and now have 26/59 hp.
You hit something but do no damage. Something hits you.
* * * LOW HITPOINT WARNING * * *
Something hits you but does no damage. 😨 HP[-6]
You take 6 damage, and now have 20/59 hp.
You closely miss something. Something hits you!
* * * LOW HITPOINT WARNING * * *
😱 HP[-14]
You take 14 damage, and now have 6/59 hp.
MASSIVE DAMAGE!! (PAUSE) It was a potion of magic.
Magic washes over you without effect. Something hits you but does no damage.
It was a potion of attraction.
You feel attractive to monsters.
Xom thinks this is hilarious!
Something hits you!
You die...

Skill      XL: |  1  2  3  4  5  6  7  8 |
---------------+-------------------------+-----
Short Blades   | 1 2 |  2.7
Evocations     | 1 2 3 |  3.7
Dodging        | 3 4 5 |  5.5
Armour         | 2 3 4 |  4.8
Fighting       | 4 5 |  5.0
Spellcasting   | 1 2 |  2.2
Long Blades    | |  2.7

Action                   |  1- 3 |  4- 6 |  7- 9 || total
-------------------------+-------+-------+-------++-------
Melee: Dagger            |   114 |   124 |       ||   238
       Falchion          |     2 |       |       ||     2
       Punch             |     2 |     5 |       ||     7
       Quarterstaff      |       |    29 |   109 ||   138
Throw: Stone             |    11 |    75 |    24 ||   110
Evoke: Piece from Xom's  |    15 |       |       ||    15
  Use: Scroll            |       |     5 |     1 ||     6
       Potion            |       |       |     3 ||     3
 Stab: Sleeping          |     2 |       |       ||     2
       Petrified         |     1 |       |       ||     1
Armor: Leather armour    |    42 |    42 |       ||    84
       Chain mail        |       |    29 |       ||    29
       Scale mail        |       |    11 |    78 ||    89
Dodge: Dodged            |    64 |    89 |    72 ||   225

Levels and vault maps discovered:
D:1:      psy_arrival_basics, layout_loops_ring, shapermc_ecumenical_altar_gd
D:2:      minmay_skewed_foursquare, layout_loops_ring, grunt_ministairs_1
D:3:      layout_basic, nicolae_overflow_crystal_walls, uniq_crazy_yiuf_cottage
D:4:      layout_basic, nemelex_spade_bored_becter,
          mainiacjoe_overflow_brackets, nicolae_hepliaklqana_hippocampus,
          kennysheep_little_box, serial_shops, shop
D:5:      cheibrodos_fzero, layout_cave_pools,
          nicolae_dithmenos_through_a_glass_darkly, mainiacjoe_overflow_catwalk,
          serial_gnoll_camp, gnoll_camp_medium_01, gnoll_camp_mini_doghouse,
          gnoll_camp_mini_hut, gnoll_camp_mini_hut, gnoll_camp_mini_hut,
          chequers_serial_rivers_micro_e, uniq_menkaure

Notes
Turn   | Place    | Note
-------+----------+-------------------------------------------
     0 | D:1      | spaghetti the Djinni Chaos Knight began the quest for the
                  | Orb.
     0 | D:1      | Reached XP level 1. HP: 20/20 MP: 0/0
     0 | D:1      | magus.rc [v1.9.6]
   190 | D:1      | Reached XP level 2. HP: 22/25 MP: 0/0
   452 | D:1      | Reached skill level 1 in Short Blades
   665 | D:1      | Found a faded altar of an unknown god.
   673 | D:1      | XOM: silly message
   688 | D:1      | Reached XP level 3. HP: 22/30 MP: 0/0
   688 | D:1      | Learned a level 1 spell: Slow
   966 | D:1      | Reached skill level 1 in Evocations
  1344 | D:1      | XOM: god gift: encrusted brass wand {god gift}
  1441 | D:2      | XOM: 1-stop teleportation journey
  1460 | D:2      | XOM: 5-stop teleportation journey
  1474 | D:2      | Reached skill level 3 in Dodging
  1518 | D:2      | XOM: 5-stop teleportation journey
  1570 | D:2      | Reached XP level 4. HP: 35/35 MP: 0/0
  1926 | D:2      | XOM: butterfly on damage
  2064 | D:2      | Noticed a black bear
  2070 | D:2      | XOM: summons friendly iron imp
  2081 | D:2      | HP: 8/35 [black bear (11)]
  2081 | D:2      | XOM: butterfly on damage
  2082 | D:2      | Killed a black bear
  2083 | D:2      | Reached skill level 2 in Short Blades
  2083 | D:2      | Reached XP level 5. HP: 10/40 MP: 0/0
  2083 | D:2      | Learned a level 2 spell: Call Imp
  2386 | D:2      | Reached skill level 4 in Dodging
  2386 | D:2      | Reached XP level 6. HP: 47/47 MP: 0/0
  3040 | D:3      | Identified the +4 chain mail of the Armoured One {rC+
                  | Str+4}
  3064 | D:3      | XOM is BORED!
  3064 | D:3      | XOM: give mutation
  3064 | D:3      | Gained mutation: Armour fits poorly on your strangely
                  | shaped body. [Xom's mischief]
  3224 | D:3      | Found an iron altar of Okawaru.
  3560 | D:3      | Found a runed translucent door.
  3561 | D:3      | Noticed Crazy Yiuf
  3569 | D:3      | Killed Crazy Yiuf
  3570 | D:3      | Reached skill level 2 in Evocations
  3618 | D:4      | Found Cuav's Assorted Antiques.
  3725 | D:4      | Bought a warped scale mail for 180 gold pieces
  3725 | D:4      | Identified the +6 scale mail "Voumycwu" {Str+4} (You bought
                  | it in a shop on level 4 of the Dungeon)
  3795 | D:4      | Found a shimmering altar of Xom.
  3828 | D:4      | XOM: cast spell 'Summon Ice Beast'
  3856 | D:4      | Identified the +4 glaive of Judgement {flame, rElec Str-2
                  | Dex+6}
  3874 | D:4      | Reached skill level 2 in Armour
  3892 | D:4      | Reached skill level 4 in Fighting
  3892 | D:4      | Reached skill level 1 in Spellcasting
  3892 | D:4      | Reached XP level 7. HP: 43/52 MP: 0/0
  3892 | D:4      | Learned a level 2 spell: Scorch
  4035 | D:4      | Found a hazy altar of Hepliaklqana.
  4224 | D:4      | Found a sparkling altar of Nemelex Xobeh.
  4318 | D:4      | XOM: give mutations
  4318 | D:4      | Gained mutation: You have a somewhat thin skeletal
                  | structure. (Dex +2, Stealth+) [Xom's grace]
  4318 | D:4      | Gained mutation: You possess an exceptional clarity of
                  | mind. [Xom's grace]
  4318 | D:4      | Gained mutation: You have sharp fingernails. [Xom's grace]
  4384 | D:4      | Found an opulent altar of Gozag.
  4435 | D:4      | XOM: 2-stop teleportation journey
  4456 | D:5      | Entered Level 5 of the Dungeon
  4462 | D:5      | Reached skill level 3 in Armour
  4470 | D:5      | Noticed a troll
  4560 | D:5      | Noticed a water moccasin
  4561 | D:5      | XOM: scenery: summon butterflies
  4570 | D:4      | Killed a water moccasin
  4571 | D:4      | Reached skill level 3 in Evocations
  4571 | D:4      | Reached XP level 8. HP: 54/58 MP: 0/0
  4575 | D:5      | XOM: potion effect (berserk rage)
  4579 | D:4      | Reached skill level 5 in Dodging
  4633 | D:5      | Reached skill level 4 in Armour
  4727 | D:4      | XOM: torment (24/58 hp)
  4991 | D:5      | HP: 13/58 [gnoll sergeant/+0 trident (10)]
  4992 | D:5      | HP: 3/58 [gnoll sergeant/+0 trident (6)]
  4995 | D:5      | Reached skill level 2 in Spellcasting
  5279 | D:5      | Killed a troll
  5280 | D:5      | Reached skill level 5 in Fighting
  5304 | D:5      | XOM: polymorph orc -> quokka
  5320 | D:5      | HP: 6/59 [something (17)]
  5320 | D:5      | XOM: smoke on damage
  5321 | D:5      | HP: 1/59 [something (6)]
  5326 | D:5      | HP: 6/59 [something (15)]
  5328 | D:5      | Mangled by an orc warrior

Vanquished Creatures
  A troll (D:5)
  A water moccasin (D:4)
  A black bear (D:2)
  A phantom (D:5)
  A centaur (D:5)
  A gnoll sergeant (D:5)
  4 scorpions
  2 howler monkeys
  A gnoll shaman (D:5)
  Crazy Yiuf (D:3)
  A jelly (D:4)
  An orc wizard (D:4)
  7 adders
  A white imp (D:5)
  An ufetubus (D:4)
  2 worms (D:2)
  3 dart slugs
  6 orcs
  6 ball pythons
  9 bats
  4 endoplasms
  A giant cockroach (D:1)
  10 goblins
  7 hobgoblins
  5 quokkas
  6 frilled lizards
  9 kobolds
  3 rats
96 creatures vanquished.

Vanquished Creatures (collateral kills)
  An iguana (D:4)
  An adder (D:4)
  A ball python (D:2)
3 creatures vanquished.

Vanquished Creatures (others)
  An orc (D:5)
  3 demonic plants (D:1)
  5 fungi
  A plant (D:1)
  A withered plant (D:1)
11 creatures vanquished.

Grand Total: 110 creatures vanquished

Table legend:
 A = Non-vault XP
 B = Vault XP
 C = Vault XP percentage of total XP
 D = Non-vault monster count
 E = Vault monster count
 F = Vault count percentage of total count
                 A         B        C        D         E       F
            +---------+---------+-------+---------+---------+-------
      Total |    1208 |     603 |  33.3 |      81 |      18 |  18.2
            +---------+---------+-------+---------+---------+-------
        D:1 |      52 |       0 |   0.0 |      27 |       0 |   0.0
        D:2 |     214 |      20 |   8.5 |      15 |       9 |  37.5
        D:3 |      32 |      41 |  56.2 |      12 |       1 |   7.7
        D:4 |     630 |       0 |   0.0 |      21 |       0 |   0.0
        D:5 |     280 |     542 |  65.9 |       6 |       8 |  57.1
            +---------+---------+-------+---------+---------+-------

Illustrated notes

Table legend:
 A = Kills in this place as a percentage of kills in entire the game.
 B = Kills by you in this place as a percentage of kills by you in the entire game.
 C = Kills by friends in this place as a percentage of kills by friends in the entire game.
 D = Other kills in this place as a percentage of other kills in the entire game.
 E = Experience gained in this place as a percentage of experience gained in the entire game.
 F = Experience gained in this place divided by the number of levels of this place that you have seen.
                   A       B       C       D       E      F
               +-------+-------+-------+-------+-------+----------------------
         Total | 100.0 | 100.0 | 100.0 |   N/A | 100.0 | 362.2
       Dungeon | 100.0 | 100.0 | 100.0 |   N/A | 100.0 | 362.2
               +-------+-------+-------+-------+-------+----------------------

Table legend: (Time is in decaauts)
 A = Elapsed time spent in this place.
 B = Non-inter-level travel time spent in this place.
 C = Inter-level travel time spent in this place.
 D = Time resting spent in this place.
 E = Time spent auto-exploring this place.
 F = Levels seen in this place.
 G = Mean time per level.
                   A        B        C        D        E       F      G
               +--------+--------+--------+--------+--------+-----+--------+
         Total |   5349 |   5180 |    169 |   1244 |   3031 |   5 | 1069.8 |
       Dungeon |   5349 |   5180 |    169 |   1244 |   3031 |   5 | 1069.8 |
               +--------+--------+--------+--------+--------+-----+--------+

Top non-repeatable levels by time:
     D:1: 1414 daAuts
     D:2: 1335 daAuts
     D:4: 1192 daAuts
     D:3: 907 daAuts
     D:5: 499 daAuts
